 Dungeon Crawl Stone Soup version 0.31-a0-354-g827e0957a7 (webtiles) character file.

Game seed: 4637368705744258298

6 drugrobin the Sneak (level 1, -1/16 (18) HPs)
             Began as a Demigod Delver on July 24, 2023.
             Slain by an orc
             ... wielding a +0 trident
              (4 damage)
             ... on level 4 of the Dungeon.
             The game lasted 00:01:57 (294 turns).

drugrobin the Sneak (Demigod Delver)                 Turns: 294, Time: 00:01:58

HP:   -1/16 (18)    AC:  3    Str: 13    XL:     1   Next: 60%
MP:   3/3           EV: 11    Int: 12    God:
Gold: 3             SH:  0    Dex: 15    Spells: 0/0 levels left

rFire   . . .        a - +0 mace
rCold   . . .        (no shield)
rNeg    . . .        b - +0 leather armour
rPois   .            (no helmet)
rElec   .            (no cloak)
rCorr   .            (no gloves)
SInv    .            (no boots)
Will    .....        (no amulet)
Stlth   +++          (no ring)
HPRegen 0.22/turn    (no ring)
MPRegen 0.08/turn

%: no passive effects
@: heavily drained
A: high MP 1, forlorn, divine attributes
a: no special abilities


You were on level 4 of the Dungeon.
You visited 1 branch of the dungeon, and saw 2 of its levels.

You collected 3 gold pieces.

Inventory:

Hand Weapons
 a - a +0 mace (weapon)
Armour
 b - a +0 leather armour (worn)
Wands
 d - a wand of mindburst (12)
 i - a wand of polymorph (7)
Scrolls
 c - a scroll of fog
 e - a scroll of fear
 f - a scroll of noise {unknown}
 h - a scroll of teleportation {unknown}
Potions
 g - a potion of curing {unknown}
 j - a potion of degeneration {unknown}


   Skills:
 - Level 2.6 Fighting
 + Level 2.3 Maces & Flails
 - Level 1.7 Dodging
 - Level 4.5 Stealth


You couldn't memorise any spells.
You didn't know any spells.
Your spell library was empty.

Dungeon Overview and Level Annotations

Branches:
Dungeon (5/15)
 Temple: D:4-7

Annotations:
D:5 Eustachio, Menkaure


Innate Abilities, Weirdness & Mutations

You have an increased reservoir of magic. (+10% MP)
You shall have no god before yourself.
Your divine heritage dramatically boosts your attributes as you level up.


Message History

You open the large door.
Unknown command.
There is a large open door here.
There is a stone staircase leading up here.
You climb upwards.
The goblin hits you with a +0 club. x2
There is a stone staircase leading down, spattered with blood here.
Unknown command.
Unknown command.
Unknown command.
The goblin completely misses you.
You climb downwards.
Level annotation: Eustachio, Menkaure
There is a stone staircase leading up here.
You hit the goblin.
You kill the goblin!
You see here a +0 club.
You start resting.
HP restored.
Unknown command.
An orc warrior comes into view. It is wielding a +0 short sword.
There is a stone staircase leading up here.
Unknown command.
Unknown command.
You climb upwards.
The orc barely misses you.
There is a stone staircase leading down, spattered with blood here.
Unknown command.
Unknown command.
Unknown command.
You hit the orc but do no damage.
The orc hits you with a +1 flail of draining.
You feel drained. The orc barely misses you. x2
Unknown command.
You barely miss the orc.
The orc hits you with a +1 flail of draining!
* * * LOW HITPOINT WARNING * * *
You feel drained.
* * * LOW HITPOINT WARNING * * *
An orc comes into view. It is wielding a +0 hand axe.
The orc hits you from afar with a +0 trident.
You die...

#.##.......##
... #. ##......#
#..## ..
##.....###.... .
...
#....###.....
#### #....##...#
##..o#....#
#.o.....#
#....oo.###..#
.....####.@....#
##... ###.....#
#... .....# #...
......# #..
....... .......
.###### ##


You could see 4 orcs.

Vanquished Creatures
  An orc (D:4)
  A giant cockroach (D:4)
  2 goblins
4 creatures vanquished.

Notes
Turn   | Place    | Note
-------+----------+-------------------------------------------
     0 | D:5      | drugrobin the Demigod Delver began the quest for the Orb.
     0 | D:5      | Reached XP level 1. HP: 18/18 MP: 3/3
     4 | D:5      | Noticed a scorpion
    24 | D:5      | Noticed a howler monkey
    24 | D:5      | Noticed Eustachio
    39 | D:5      | Noticed Menkaure
   290 | D:5      | Noticed an orc warrior
   294 | D:4      | Slain by an orc

Illustrated notes

Levels and vault maps discovered:
D:4:      black_bear_nest_1, layout_layer_cave, general_overflow_altar,
          uniq_sigmund
D:5:      cheibrodos_helix_gallery, layout_rooms, overflow_temple_1_default,
          kennysheep_generic_room_12, uniq_eustachio, uniq_menkaure

Skill      XL: |  1 |
---------------+----+-----
Maces & Flails | 2 |  2.3
Fighting       | |  2.6
Dodging        | |  1.7
Stealth        | |  4.5

Action                     || total
---------------------------++-------
  Melee: Mace              ||     9
  Evoke: Wand              ||     3
    Use: Scroll            ||     1
         Potion            ||     1
   Stab: Sleeping          ||     1
 Armour: Leather armour    ||     1
  Dodge: Dodged            ||    13

Table legend: (Time is in decaauts)
 A = Elapsed time spent in this place.
 B = Non-inter-level travel time spent in this place.
 C = Inter-level travel time spent in this place.
 D = Time resting spent in this place.
 E = Time spent auto-exploring this place.
 F = Levels seen in this place.
 G = Mean time per level.
                   A        B        C        D        E       F      G
               +--------+--------+--------+--------+--------+-----+--------+
         Total |    279 |    279 |      0 |     47 |     44 |   2 |  139.5 |
       Dungeon |    279 |    279 |      0 |     47 |     44 |   2 |  139.5 |
               +--------+--------+--------+--------+--------+-----+--------+

Top non-repeatable levels by time:
     D:4: 192 daAuts
     D:5: 86 daAuts
